Map: Tourmaline LE

Players

HoldTheDoor

  • Race: Protoss Protoss
  • League: Diamond
  • Spawn Location: 7:00

Kabanina - Winner!

  • Race: Terran Terran
  • League: Master
  • Spawn Location: 1:00

VOD

Have the link to the VOD?

Description

Time

  • Played on: May 3, 2026, 12:10 p.m.
  • Length: 6:44
Show
View Real Time Build Order
Export as new Build Order

HoldTheDoor Protoss 

Build Orders: 1 Gate Expand, Double Forge 

Get SALT Encoding   

  12  0:00  Probe  
  13  0:12  Probe  
  14  0:17  Pylon  
  14  0:24  Probe  
  15  0:32  Probe  
  15  0:38  Gateway  
  15  0:40  Probe  
  16  0:48  Assimilator  
  17  0:51  Probe  
  18  1:03  Probe  
  19  1:15  Probe  
  19  1:16  Forge  
  20  1:27  Probe  
  21  1:39  Probe, Nexus  
  22  1:46  Cybernetics Core  
  22  1:53  Assimilator, Probe  
  23  2:00  Pylon  
  23  2:12  Adept  
  23  2:19  Probe  
  26  2:27  Shield Battery  
  26  2:28  Warp Gate  
  26  2:31  Probe  
  27  2:42  Sentry  
  29  2:46  Probe, Robotics Facility  
  30  2:55  Probe  
  30  2:56  Pylon  
  31  2:59  Probe  
  32  3:08  Probe  
  33  3:14  Probe  
  34  3:22  Probe  
  34  3:26  Shield Battery  
  34  3:27  Probe  
  36  3:33  Pylon  
  36  3:34  Probe  
  36  3:37  Immortal  
  36  3:38  Forge  
  41  3:52  Probe  
  41  3:53  Probe  
  43  3:58  Assimilator  
  43  4:08  Gateway  
  43  4:14  Stargate  
  43  4:17  Pylon, Probe  
  43  4:21  Assimilator  
  43  4:22  Probe  
  45  4:28  Observer  
  46  4:35  Probe  
  47  4:42  Photon Cannon, Zealot  
  49  4:47  Probe  
  49  4:52  Immortal  
  54  4:54  Probe  
  54  4:59  Probe  
  56  5:06  Probe  
  57  5:12  Zealot x2  
  57  5:13  Probe  
  62  5:17  Pylon  
  62  5:20  Probe, Pylon  
  63  5:23  Phoenix  
  65  5:29  Robotics Bay  
  65  5:31  Probe  
  65  5:35  Shield Battery  
  66  5:40  Immortal  
  66  5:41  Probe  
  71  5:48  Gateway  
  71  5:49  Gateway  
  71  5:52  Gateway x2  
  71  5:59  Zealot x2  
  75  6:05  Pylon  
  75  6:07  Probe x2  
  75  6:08  Pylon  
  77  6:18  Twilight Council  
  77  6:25  Zealot x2  
Show
View Real Time Build Order
Export as new Build Order

Kabanina Terran - Winner!

Build Orders:  

Get SALT Encoding   

  12  0:04  SCV  
  13  0:17  SCV  
  13  0:20  Supply Depot  
  14  0:30  SCV  
  14  0:32  Refinery  
  15  0:42  SCV  
  16  0:50  Barracks  
  16  0:54  SCV  
  17  1:06  SCV  
  18  1:26  SCV  
  19  1:33  Command Center  
  19  1:40  Barracks Reactor  
  19  1:45  Bunker  
  19  1:49  SCV  
  20  2:02  Supply Depot  
  20  2:05  Orbital Command  
  20  2:16  Marine x2  
  22  2:25  Barracks  
  22  2:33  SCV, Marine  
  24  2:38  Marine  
  25  2:45  SCV  
  25  2:50  Barracks  
  26  2:52  Marine  
  26  2:56  Marine  
  29  3:05  Orbital Command  
  28  3:09  SCV  
  29  3:14  Engineering Bay  
  29  3:15  Barracks Reactor  
  29  3:17  Barracks Tech Lab  
  29  3:20  Marine x2  
  29  3:21  SCV  
  32  3:33  SCV x2  
  34  3:37  Stimpack  
  34  3:38  Barracks Tech Lab  
  34  3:45  SCV, Terran Infantry Weapons Level 1  
  35  3:57  Missile Turret  
  35  3:58  Marine x2, Marauder  
  35  3:59  Marauder  
  41  4:05  Missile Turret  
  41  4:15  SCV x2  
  43  4:20  Marauder, Supply Depot  
  43  4:22  Supply Depot  
  43  4:23  Combat Shield  
  45  4:27  SCV  
  46  4:42  Marine x2, SCV x2, Marauder x2  
  46  4:44  Supply Depot  
  54  4:54  SCV x2  
  56  5:00  Refinery  
  56  5:04  Marauder  
  56  5:06  SCV  
  59  5:07  Supply Depot  
  59  5:17  Concussive Shells  
  59  5:19  Marine x2  
  59  5:20  Marauder  
  63  5:25  Marauder  
  65  5:28  Refinery x2  
  65  5:29  Supply Depot  
  65  5:37  Marine  
  65  5:41  Marauder  
  68  5:45  Marine  
  68  5:46  Marine  
  70  5:52  SCV x2  
  70  5:55  Marine  
  73  6:03  Marauder, Marine  
  73  6:04  SCV x2, Marauder  
  80  6:12  Marine  
  80  6:16  SCV  
  70  6:21  Marine  
Tags
 
Add a new tag
Caveats
  • Supply blocks, unpowered buildings, or Contaminate may cause inaccurate times.
  • Supply counts are checked every 10 seconds.